 Dungeon Crawl Stone Soup version 0.31-a0-369-g8eba5f6939 (webtiles) character file.

Game seed: 12094111043305766561

1659 Ge0ff the Firebug (level 9, -1/44 HPs)
             Began as a Vine Stalker Cinder Acolyte on July 28, 2023.
             Was a High Priest of Ignis.
             Slain by a centaur (5 damage)
             ... on level 6 of the Dungeon.
             The game lasted 00:12:04 (4729 turns).

Ge0ff the Firebug (Vine Stalker Cinder Acolyte)     Turns: 4729, Time: 00:12:04

Health: -1/44      AC:  3    Str: 16    XL:     9   Next: 0%
Magic:  0/25       EV: 11    Int: 18    God:    Ignis [*****.]
Gold:   191        SH:  0    Dex: 11    Spells: 10/17 levels left

rFire   + . .        a - +0 spear (flame)
rCold   . . .        (no shield)
rNeg    . . .        n - +0 robe
rPois   .            (no helmet)
rElec   .            (no cloak)
rCorr   .            h - +0 pair of gloves
SInv    .            (no boots)
Will    +....        f - amulet of magic regeneration
Stlth   ++           c - ring of magical power
HPRegen 1.07/turn    m - +4 ring of slaying
MPRegen 0.59/turn

%: guardian spirit
@: lethally poisoned (-1 -> -1)
A: fangs 3, regeneration 1, magic shield, antimagic bite, no potion heal 2
a: Renounce Religion, Fiery Armour, Foxfire Swarm, Rising Flame


You were on level 6 of the Dungeon.
You worshipped Ignis.
Ignis was extremely pleased with you.
You visited 1 branch of the dungeon, and saw 6 of its levels.

You collected 302 gold pieces.
You spent 111 gold pieces at shops.

Inventory:

Hand Weapons
 a - a +0 spear of flaming (weapon)
 b - a +0 trident
 F - a +1 dire flail of protection
 G - a +2 short sword of holy wrath
Missiles
 d - 59 stones
 g - 8 poisoned darts
Armour
 h - a +0 pair of gloves (worn)
 n - a +0 robe (worn)
Jewellery
 c - a ring of magical power (left hand)
 f - an amulet of magic regeneration (around neck)
 m - a +4 ring of slaying (right hand)
 q - a +4 ring of protection
Scrolls
 E - a scroll of fear
 T - a scroll of teleportation
 W - a scroll of torment {unknown}
 X - 2 scrolls of enchant armour
 Y - a scroll of vulnerability {unknown}
Potions
 e - a potion of curing {unknown}
 k - a potion of experience {unknown}
 o - a potion of heal wounds {unknown}
 r - 2 potions of brilliance {unknown}
 s - a potion of resistance {unknown}
 t - a potion of attraction {unknown}
 v - a potion of ambrosia {unknown}
 Z - 3 potions of berserk rage {!q}


   Skills:
 - Level 3.0 Fighting
 - Level 4.0 Polearms
 - Level 2.0 Stealth
 + Level 4.5 Spellcasting
 * Level 4.8 Conjurations
 * Level 4.9 Transmutations
 + Level 6.5 Fire Magic


You had 10 spell levels left.
You knew the following spells:

 Your Spells              Type           Power      Damage    Failure   Level
C - Scorch                Fire           54%        2d7       1%          2
E - Irradiate             Conj/Tmut      10%        3d15      45%         5

Your spell library contained the following spells:

 Spells                   Type           Power      Damage    Failure   Level
 Freeze                   Ice            16%        1d4       14%         1
 Hailstorm                Conj/Ice       12%        3d5       16%         3
 Sublimation of Blood     Necr           4%         N/A       22%         2
 Frozen Ramparts          Ice            8%         1d2       38%         3
 Petrify                  Tmut/Erth      12%        N/A       45%         4


Dungeon Overview and Level Annotations

Branches:
Dungeon (6/15) Zot: 26558
 Temple: D:4-7

Altars:
Ashenzari
Gozag
Nemelex Xobeh
The Shining One

Shops:
D:3 *[   D:6 *

Annotations:
D:3 3 runed translucent doors, exclusions: 3 doors and player ghost, TobyConnect's ghost, amateur DsSh
D:5 Edmund


Innate Abilities, Weirdness & Mutations

You have razor-sharp teeth.
Your natural rate of healing is unusually fast.
When hurt, damage is shared between your health and your magic reserves.
Your bite disrupts and absorbs the magic of your enemies.
Potions cannot restore your health.


Message History

The centaur kicks you.
Casting: Scorch (safe; 1% risk of failure)
Confirm with . or Enter, or press ? or * to list all spells.
Flames lash the adder.
The adder is almost dead.
The adder's fire resistance burns away.
The orc priest calls down the wrath of Beogh upon you.
Beogh smites you! The centaur hits you. The centaur closely misses you.
The adder bites you but does no damage.
Casting: Scorch (safe; 1% risk of failure)
Confirm with . or Enter, or press ? or * to list all spells.
Flames lash the adder.
The adder is almost dead.
The centaur closely misses you.
The centaur kicks you but does no damage.
The adder bites you. The centaur misses you. The centaur completely misses you.
Casting: Scorch (safe; 1% risk of failure)
Confirm with . or Enter, or press ? or * to list all spells.
Flames lash the centaur.
The centaur is moderately wounded.
The centaur's fire resistance burns away.
The adder bites you.
You are poisoned.
The adder poisons you!
The centaur hits you but does no damage.
The centaur kicks you.
Casting: Scorch (safe; 1% risk of failure)
Confirm with . or Enter, or press ? or * to list all spells.
Flames lash the centaur.
The centaur is burned terribly!
The centaur is almost dead.
You feel sick. The adder closely misses you. The centaur closely misses you. x3
The centaur kicks you. The adder closely misses you.
Casting: Scorch (safe; 1% risk of failure)
Confirm with . or Enter, or press ? or * to list all spells.
Flames lash the orc priest.
The orc priest is severely wounded.
The orc priest's fire resistance burns away.
You feel sick. The centaur completely misses you.
The centaur kicks you but does no damage.
The adder closely misses you.
You miss the adder. Your bite misses the adder.
The adder is almost dead.
You feel sick. The centaur closely misses you.
The centaur kicks you but does no damage.
The adder bites you.
The orc priest invokes the aid of Beogh against you.
Beogh smites you!
* * * LOW HITPOINT WARNING * * *
The centaur hits you.
You die...

#.. #.# #.# # #.# .# #.#
#####.#
#######.####.....###
...........'........
######'####.....##
#......# #@....#
#......# #cS...#
#......# .o....#
#######......##..)......
.............##.....####
##############......#
......# #......#


You could see a centaur (combustible), an orc priest (combustible) and an adder
(combustible).

Vanquished Creatures
  Sigmund (D:3)
  Eustachio (D:5)
  A water moccasin (D:6)
  A black bear (D:3)
  2 ogres
  2 phantoms
  2 bullfrogs
  Blork the orc (D:4)
  2 scorpions (D:5)
  A gnoll sergeant (D:5)
  2 jellies (D:5)
  5 hounds
  An iguana (D:6)
  9 gnolls
  3 adders
  2 shadow imps (D:6)
  A white imp (D:3)
  An ufetubus (D:3)
  A worm (D:2)
  A dart slug (D:1)
  4 orcs
  6 bats
  5 endoplasms
  2 giant cockroaches
  10 hobgoblins
  2 jackals (D:2)
  8 kobolds
  2 quokkas
  7 ball pythons
  5 frilled lizards
  13 goblins
  2 goblin skeletons (D:3)
  2 goblin zombies (D:3)
  3 hobgoblin zombies (D:3)
  A kobold skeleton (D:3)
  An orc skeleton (D:3)
  2 orc zombies (D:3)
  5 rats
120 creatures vanquished.

Notes
Turn   | Place    | Note
-------+----------+-------------------------------------------
     0 | D:1      | Ge0ff the Vine Stalker Cinder Acolyte began the quest for
                  | the Orb.
     0 | D:1      | Reached XP level 1. HP: 11/11 MP: 3/3
    33 | D:1      | Reached skill level 1 in Stealth
   207 | D:1      | Reached XP level 2. HP: 15/16 MP: 4/4
   210 | D:1      | Learned a level 2 spell: Scorch
   878 | D:2      | Reached XP level 3. HP: 12/19 MP: 6/6
  1233 | D:2      | Gained mutation: Your natural rate of healing is unusually
                  | fast. [Vine Stalker growth]
  1233 | D:2      | Reached XP level 4. HP: 24/24 MP: 7/7
  1962 | D:3      | Found a glowing golden altar of the Shining One.
  1969 | D:3      | Reached XP level 5. HP: 26/28 MP: 9/9
  2050 | D:3      | Found a runed translucent gate.
  2051 | D:3      | Found a runed translucent gate.
  2052 | D:3      | Found a runed translucent gate.
  2057 | D:3      | Found Huonom's Assorted Antiques.
  2061 | D:3      | Noticed TobyConnect's ghost (amateur DsSh)
  2066 | D:3      | Noticed Sigmund
  2209 | D:3      | Found Veines's Antique Armour Shoppe.
  2295 | D:3      | Bought 2 fuming white potions for 45 gold pieces
  2295 | D:3      | Bought an emerald potion for 22 gold pieces
  2295 | D:3      | Bought a metallic inky potion for 22 gold pieces
  2295 | D:3      | Bought a sapphire potion for 22 gold pieces
  2327 | D:3      | Killed Sigmund
  2328 | D:3      | Reached skill level 4 in Fire Magic
  2328 | D:3      | Reached XP level 6. HP: 28/32 MP: 10/11
  2796 | D:3      | Reached skill level 5 in Fire Magic
  2964 | D:4      | Noticed a black bear
  3042 | D:3      | Learned a level 5 spell: Irradiate
  3103 | D:3      | Killed a black bear
  3104 | D:3      | Reached skill level 1 in Conjurations
  3104 | D:3      | Reached skill level 1 in Transmutations
  3104 | D:3      | Reached XP level 7. HP: 30/36 MP: 10/12
  3159 | D:4      | Noticed Blork the orc
  3165 | D:4      | Killed Blork the orc
  3577 | D:5      | Entered Level 5 of the Dungeon
  3628 | D:5      | Found a broken altar of Ashenzari.
  3684 | D:5      | Reached skill level 6 in Fire Magic
  3684 | D:5      | Gained mutation: You have razor-sharp teeth. [Vine Stalker
                  | growth]
  3684 | D:5      | Reached XP level 8. HP: 40/40 MP: 14/14
  3862 | D:5      | Noticed Edmund
  4077 | D:5      | Noticed Eustachio
  4092 | D:5      | Killed Eustachio
  4257 | D:5      | Found a sparkling altar of Nemelex Xobeh.
  4257 | D:5      | Found an opulent altar of Gozag.
  4339 | D:6      | Found Duybiyri's CLEARANCE SALE!.
  4667 | D:6      | Reached XP level 9. HP: 34/44 MP: 14/16
  4729 | D:6      | Slain by a centaur

Illustrated notes

Levels and vault maps discovered:
D:1:      lemuel_arrival_broad_hall, layout_loops_ring
D:2:      layout_loops_ring
D:3:      layout_basic, nicolae_tso_besieged_by_evil,
          gammafunk_ghost_necromancy, serial_shops, shop_fountains, shop,
          st_stairs_4, minmay_ogre_servants, uniq_sigmund
D:4:      layout_cave_pools, nicolae_elevator_lobby_asterisk, uniq_blork_the_orc
D:5:      layout_cave_pools, grunt_temple_overflow_opulence,
          cheibrodos_ashenzari_chains, chequers_serial_rivers_small_b,
          uniq_eustachio, uniq_edmund
D:6:      layout_basic, nicolae_shop_clearance

Skill      XL: |  1  2  3  4  5  6  7  8 |
---------------+-------------------------+-----
Stealth        | 2 |  2.0
Fighting       | 3 |  3.0
Polearms       | 3 4 |  4.0
Spellcasting   | 2 3 4 |  4.5
Fire Magic     | 4 5 6 |  6.5
Conjurations   | 1 2 4 |  4.8
Transmutations | 1 2 4 |  4.9

Action                     |  1- 3 |  4- 6 |  7- 9 || total
---------------------------+-------+-------+-------++-------
  Melee: Spear             |    34 |    11 |     7 ||    52
         Bite              |     3 |     2 |     4 ||     9
         Punch             |     1 |       |       ||     1
   Cast: Scorch            |    30 |    72 |    87 ||   189
    Use: Scroll            |       |     2 |     5 ||     7
   Stab: Sleeping          |     3 |       |       ||     3
 Armour: Robe              |     9 |    19 |     9 ||    37
  Dodge: Dodged            |    11 |    37 |    37 ||    85

Table legend: (Time is in decaauts)
 A = Elapsed time spent in this place.
 B = Non-inter-level travel time spent in this place.
 C = Inter-level travel time spent in this place.
 D = Time resting spent in this place.
 E = Time spent auto-exploring this place.
 F = Levels seen in this place.
 G = Mean time per level.
                   A        B        C        D        E       F      G
               +--------+--------+--------+--------+--------+-----+--------+
         Total |   4728 |   4430 |    298 |     70 |   3386 |   6 |  788.0 |
       Dungeon |   4728 |   4430 |    298 |     70 |   3386 |   6 |  788.0 |
               +--------+--------+--------+--------+--------+-----+--------+

Top non-repeatable levels by time:
     D:3: 1215 daAuts
     D:1: 940 daAuts
     D:2: 822 daAuts
     D:5: 707 daAuts
     D:4: 616 daAuts
     D:6: 426 daAuts
